 Dungeon Crawl Stone Soup version 0.31-a0-844-gdc52ec4e09 (webtiles) character file.

Game seed: 1413639848733606615

16 Shayle the Conjurer (level 2, -1/23 HPs)
             Began as a Demonspawn Reaver on Sept 29, 2023.
             Slain by a black bear (3 damage)
             ... on level 2 of the Dungeon.
             The game lasted 00:01:32 (1453 turns).

Shayle the Conjurer (Demonspawn Reaver)             Turns: 1453, Time: 00:01:33

Health: -1/23      AC:  3    Str: 12    XL:     2   Next: 37%
Magic:  5/5        EV: 11    Int: 14    God:
Gold:   63         SH:  0    Dex: 11    Spells: 4/5 levels left

rFire   . . .        a - +0 spear
rCold   . . .        (no shield)
rNeg    + . .        b - +0 leather armour
rPois   .            (no helmet)
rElec   .            (no cloak)
rCorr   .            (no gloves)
SInv    .            (no boots)
Will    .....        (no amulet)
Stlth   +            c - ring of positive energy
HPRegen 0.23/turn    (no ring)
MPRegen 0.09/turn

%: no passive effects
@: confused, ambrosia-drunk
A: demonic touch 1
a: no special abilities


You were on level 2 of the Dungeon.
You visited 1 branch of the dungeon, and saw 2 of its levels.

You collected 63 gold pieces.

Inventory:

Hand Weapons
 a - a +0 spear (weapon)
Armour
 b - a +0 leather armour (worn)
Jewellery
 c - a ring of positive energy (left hand)
Scrolls
 e - a scroll of vulnerability {unknown}
 g - a scroll of immolation {unknown}
Potions
 d - a potion of curing {unknown}
 f - a potion of might {unknown}
 h - a potion of ambrosia
 i - 2 potions of enlightenment {unknown}
 j - a potion of haste {unknown}


   Skills:
 + Level 2.4 Fighting
 - Level 2.6 Polearms
 + Level 0.8 Armour
 - Level 1.7 Dodging
 + Level 2.3 Spellcasting
 - Level 3.0 Conjurations


You had 4 spell levels left.
You knew the following spells:

 Your Spells              Type           Power      Damage    Failure   Level
a - Kiss of Death         Conj/Necr      20%        2d7       16%         1

Your spell library contained the following spells:

 Spells                   Type           Power      Damage    Failure   Level
 Momentum Strike          Conj/Tloc      10%        3d8       24%         2
 Hailstorm                Conj/Ice       5%         3d4       43%         3


Dungeon Overview and Level Annotations

Branches:
Dungeon (2/15)

Altars:


Innate Abilities, Weirdness & Mutations

Your touch may inflict minor irresistible damage on your foes.


Message History

The frilled lizard is heavily wounded.
The frilled lizard barely misses you.
A frilled lizard is nearby!
You hit the frilled lizard.
You kill the frilled lizard!
You see here a frilled lizard corpse.
You now have 63 gold pieces (gained 9).
A black bear comes into view.
The black bear growls angrily.
You hear an angry hiss.
You see here a scroll labelled SUOCIG FOLAPT.
Found a scroll labelled AMANEDITOL.
A black bear is nearby!
You barely miss the black bear. The black bear barely misses you.
The black bear completely misses you. The black bear misses you.
A black bear is nearby!
You barely miss the black bear. The black bear bites you.
The black bear claws you but does no damage.
The black bear claws you.
You aren't carrying any items that you can evoke.
You barely miss the black bear.
You touch the black bear!
The black bear is moderately wounded.
The black bear closely misses you. The black bear completely misses you.
The black bear claws you.
You barely miss the black bear.
The black bear is moderately wounded.
The black bear closely misses you. The black bear completely misses you.
The black bear closely misses you.
You hit the black bear.
The black bear is heavily wounded.
The black bear bites you. The black bear claws you. x2
* * * LOW HITPOINT WARNING * * *
Okay, then.
It was a potion of ambrosia.
You are confused.
You feel invigorated. The black bear bites you.
* * * LOW HITPOINT WARNING * * *
The black bear claws you.
* * * LOW HITPOINT WARNING * * *
The black bear claws you.
You die...

#.....# ######.....#
###....#.....#
####...##.#††...#
..##.####.#.....#####.#
<<.....................
...#....(.#.....###...#
.....######..##?###.###
.#.### ##....@...# ##..
###.#?h### ##.. #...#..
### ##....## ...#.#
##?.#. #... . ..##


You could see a black bear.

Vanquished Creatures
  A ball python (D:2)
  2 bats
  An endoplasm (D:1)
  A giant cockroach (D:2)
  3 goblins (D:1)
  2 quokkas (D:1)
  3 frilled lizards
  2 rats (D:1)
15 creatures vanquished.

Notes
Turn   | Place    | Note
-------+----------+-------------------------------------------
     0 | D:1      | Shayle the Demonspawn Reaver began the quest for the Orb.
     0 | D:1      | Reached XP level 1. HP: 16/16 MP: 3/3
   251 | D:1      | Found a faded altar of an unknown god.
   561 | D:1      | Discovered your monstrous ancestry.
   561 | D:1      | Gained mutation: Your touch may inflict minor irresistible
                  | damage on your foes. [demonic ancestry]
   561 | D:1      | Reached XP level 2. HP: 22/22 MP: 5/5
  1446 | D:2      | Noticed a black bear
  1453 | D:2      | Slain by a black bear

Illustrated notes

Levels and vault maps discovered:
D:1:      dpeg_arrival_round_b, layout_basic, ebering_ecumenical_altar_webs,
          serial_co_window_serial, co_window_cross_1, co_window_corner_a,
          co_window_paths_a, co_window_paths_a, co_window_of_opportunity_a,
          co_window_broadway_c, co_window_corner_b, co_window_corner_ca,
          co_window_cross_3, co_window_paths_c, co_window_broadway_a,
          co_window_paths_d, co_window_paths_e, glass_columns_a,
          glass_columns_b, glass_columns_c
D:2:      minmay_angry_zag, layout_rooms, supply_closet_lemuel

Action                     || total
---------------------------++-------
  Melee: Spear             ||    70
         Touch             ||     3
    Use: Potion            ||     1
 Armour: Leather armour    ||    44
  Dodge: Dodged            ||    41

Table legend: (Time is in decaauts)
 A = Elapsed time spent in this place.
 B = Non-inter-level travel time spent in this place.
 C = Inter-level travel time spent in this place.
 D = Time resting spent in this place.
 E = Time spent auto-exploring this place.
 F = Levels seen in this place.
 G = Mean time per level.
                   A        B        C        D        E       F      G
               +--------+--------+--------+--------+--------+-----+--------+
         Total |   1450 |   1415 |     35 |      0 |   1279 |   2 |  725.0 |
       Dungeon |   1450 |   1415 |     35 |      0 |   1279 |   2 |  725.0 |
               +--------+--------+--------+--------+--------+-----+--------+

Top non-repeatable levels by time:
     D:1: 1375 daAuts
     D:2: 75 daAuts
